 Dungeon Crawl Stone Soup version 0.21.1-1-g345015fe64 (webtiles) character file.

46 Oravi the Insei (level 3, 0/26 HPs)
             Began as a Merfolk Transmuter on Apr 26, 2018.
             Slain by an adder (5 damage)
             ... on level 2 of the Dungeon.
             The game lasted 00:04:32 (1236 turns).

Oravi the Insei (Merfolk Transmuter)                Turns: 1236, Time: 00:04:33

Health: 0/26       AC:  2    Str:  8 (10) XL:     3   Next: 66%
Magic:  1/6        EV: 13    Int: 15 (17) God:
Gold:   37         SH:  0    Dex: 11 (14) Spells: 0/6 levels left

rFire    . . .     SeeInvis +     - Unarmed
rCold    + . .     Gourm    .   (no shield)
rNeg     . . .     Faith    .   b - +0 robe
rPois    .         Spirit   .   (no helmet)
rElec    .         Reflect  .   (no cloak)
rCorr    .         Harm     .   (no gloves)
MR       +....                  (no boots)
Stlth    +.........             (no amulet)
HPRegen  0.08/turn              k - ring of protection from magic
MPRegen  0.10/turn              (no ring)

@: lethally poisoned (0 -> -8), appendage (expiring), very slightly contaminated
A: change form in water, swift swim, stealthy swim, horns 2, see invisible,
clever 2, cold resistance 1
a: End Transformation


You were on level 2 of the Dungeon.
You were not hungry.
You had grown temporary horns.
You visited 1 branch of the dungeon, and saw 2 of its levels.

You collected 37 gold pieces.

Inventory:

Missiles
 a - 12 arrows
 h - 2 javelins (quivered)
Armour
 b - a +0 robe (worn)
Jewellery
 k - a ring of protection from magic (left hand)
Scrolls
 e - a scroll of fear {unknown}
 i - a scroll of remove curse
Potions
 f - a potion of invisibility
Books
 c - a book of Changes

   Spells                             Type                      Level
   a - Beastly Appendage              Transmutation                1
   b - Sticks to Snakes               Transmutation                2
   c - Spider Form                    Transmutation/Poison         3
   d - Ice Form                       Ice/Transmutation            4
   e - Blade Hands                    Transmutation                5
Comestibles
 d - a ration
 l - a chunk of flesh


   Skills:
 + Level 1.2 Fighting
 + Level 3.0 Dodging
 + Level 4.3 Unarmed Combat
 - Level 2.0 Spellcasting
 * Level 3.4 Transmutations
 * Level 0.2 Poison Magic


You couldn't memorise any spells.
You knew the following spells:

 Your Spells              Type           Power        Failure   Level  Hunger
a - Beastly Appendage     Tmut           ##....       5%          1    #......
b - Sticks to Snakes      Tmut           ##......     8%          2    ###....
c - Spider Form           Tmut/Pois      #.........   30%         3    ###....


Dungeon Overview and Level Annotations

Branches:
Dungeon (2/15)

Altars:


Innate Abilities, Weirdness & Mutations

You revert to your normal form in water.
You are very nimble and swift while swimming.
You are very stealthy in the water. (Stealth+)
You have a pair of horns on your head.
You have supernaturally acute eyesight. (SInv)
Your mind is very acute. (Int +4)
Your flesh is cold resistant. (rC+)


Message History

You are more poisoned.
The adder poisons you! The adder closely misses you.
You miss the adder.
You feel sick. The adder completely misses you.
You hit the adder.
The adder is lightly wounded.
* * * LOW HITPOINT WARNING * * *
You feel sick. The adder bites you but does no damage.
You closely miss the adder.
The adder is lightly wounded.
* * * LOW HITPOINT WARNING * * *
You feel sick. The adder closely misses you.
You barely miss the adder. Your punch misses the adder.
The adder is lightly wounded.
Your transformation is almost over.
The adder closely misses you.
You hit the adder.
The adder is moderately wounded.
* * * LOW HITPOINT WARNING * * *
You feel sick. The adder bites you but does no damage. The adder bites you.
You die...

#....##...#####
#.#...#.##....# #
#.....##.##.#
#.#>...#.##.#
#........##.#
..............####
..#........####...#
# #......#......#.#
#......###@...# #
######.###S#.##.#
#....b#(...##
#...........#
+...........#
#...........#
#...!.......#
#######....## ....#


You could see an adder and a bat.

Vanquished Creatures
  3 adders (D:2)
  2 adder zombies (D:1)
  A giant cockroach (D:2)
  A goblin (D:1)
  2 hobgoblins (D:1)
  2 frilled lizards
  5 rats (D:1)
16 creatures vanquished.

Notes
Turn   | Place    | Note
-------+----------+-------------------------------------------
     0 | D:1      | Oravi the Merfolk Transmuter began the quest for the Orb.
     0 | D:1      | Reached XP level 1. HP: 15/15 MP: 3/3
    25 | D:1      | Reached XP level 2. HP: 5/21 MP: 5/5
   893 | D:2      | Reached skill level 4 in Unarmed Combat
   897 | D:2      | Reached XP level 3. HP: 21/26 MP: 6/6
   901 | D:2      | Learned a level 2 spell: Sticks to Snakes
   905 | D:2      | Learned a level 3 spell: Spider Form
  1231 | D:2      | Gained mutation: Your mind is acute. (Int +2) [potion of mutation]
  1231 | D:2      | Gained mutation: Your mind is very acute. (Int +4) [potion of mutation]
  1231 | D:2      | Gained mutation: You have supernaturally acute eyesight. (SInv) [potion of mutation]
  1231 | D:2      | Gained mutation: Your flesh is cold resistant. (rC+) [potion of mutation]
  1236 | D:2      | Slain by an adder

Skill      XL: |  1  2 |
---------------+-------+-----
Transmutations | 3 |  3.4
Unarmed Combat | 4 |  4.3
Dodging        | 3 |  3.0
Fighting       | |  1.2
Spellcasting   | |  2.0
Poison Magic   | |  0.2

Action                   || total
-------------------------++-------
Melee: Unarmed           ||    58
       Headbutt          ||     7
 Cast: Beastly Appendage ||     8
       Spider Form       ||     3
  Use: Scroll            ||     4
       Potion            ||     2
 Stab: Sleeping          ||     1
  Eat: Chunk             ||     2
Armor: Robe              ||    10
       Skin              ||     1
Dodge: Dodged            ||    40
